Map: Nightshade LE

Players

TLHarstem (Harstem)

  • Race: Protoss Protoss
  • Spawn Location: 11:00

YoutubeTY (TY) - Winner!

  • Race: Terran Terran
  • League: Diamond
  • Spawn Location: 5:00

Event: Shopify TSL 5

VOD

Have the link to the VOD?

Description

Time

  • Played on: May 23, 2020, 11:25 a.m.
  • Length: 23:22

All games in this series

Show
View Real Time Build Order
Export as new Build Order

TLHarstem Protoss 

Build Orders: 1 Gate Expand, Blink Stalkers 

Get SALT Encoding   

  12  0:01  Probe  
  13  0:13  Probe  
  14  0:18  Pylon  
  14  0:25  Probe  
  15  0:37  Probe (Chrono Boost), Gateway  
  16  0:49  Probe (Chrono Boost)  
  17  0:50  Assimilator  
  17  0:53  Probe (Chrono Boost)  
  18  1:04  Probe  
  19  1:16  Probe  
  20  1:24  Cybernetics Core  
  20  1:33  Nexus  
  20  1:40  Pylon  
  20  1:42  Probe  
  21  1:49  Assimilator  
  21  1:54  Probe  
  21  1:57  Adept (Chrono Boost)  
  18  2:01  Warp Gate  
  24  2:07  Probe  
  25  2:17  Stalker (Chrono Boost)  
  25  2:19  Probe, Assimilator  
  28  2:31  Probe  
  29  2:40  Twilight Council  
  29  2:43  Probe  
  30  2:45  Probe  
  30  2:50  Stalker  
  33  2:55  Probe  
  33  2:57  Probe  
  35  3:06  Robotics Facility  
  35  3:07  Probe  
  35  3:09  Probe  
  37  3:19  Probe  
  38  3:20  Gateway  
  38  3:21  Probe  
  38  3:25  Blink (Chrono Boost)  
  39  3:31  Probe  
  40  3:35  Probe, Gateway  
  40  3:40  Pylon  
  41  3:43  Probe  
  41  3:47  Probe  
  43  3:49  Stalker  
  45  3:57  Observer (Chrono Boost)  
  45  3:58  Probe  
  45  3:59  Gateway  
  47  4:03  Pylon  
  47  4:09  Probe  
  48  4:14  Warp Prism (Chrono Boost)  
  48  4:16  Stalker  
  52  4:19  Stalker  
  54  4:26  Probe, Pylon  
  54  4:30  Stalker  
  57  4:37  Pylon  
  57  4:41  Stalker  
  57  4:45  Shield Battery  
  59  4:46  Stalker  
  59  4:50  Pylon  
  61  4:55  Stalker x2  
  63  5:07  Observer  
  63  5:10  Stalker  
  63  5:11  Probe  
  63  5:14  Probe  
  66  5:19  Stalker  
  68  5:25  Stalker  
  68  5:27  Probe  
  69  5:31  Probe  
  70  5:35  Stalker  
  70  5:39  Probe  
  67  5:43  Probe (Chrono Boost)  
  67  5:48  Stalker x2  
  72  5:51  Probe (Chrono Boost)  
  72  5:55  Probe (Chrono Boost)  
  73  5:59  Stalker  
  73  6:02  Probe (Chrono Boost)  
  73  6:03  Probe (Chrono Boost)  
  68  6:07  Probe (Chrono Boost)  
  69  6:14  Probe  
  68  6:21  Stalker, Zealot x2  
  68  6:22  Probe  
  73  6:26  Probe  
  70  6:41  Probe x2 (Chrono Boost)  
  70  6:46  Stalker x2  
  74  6:48  Zealot x2  
  74  6:52  Probe x2 (Chrono Boost)  
  80  7:07  Probe  
  79  7:10  Nexus  
  79  7:12  Stalker x2  
  75  7:18  Probe  
  75  7:20  Stalker  
  75  7:21  Probe, Charge  
  79  7:25  Pylon  
  73  7:42  Stalker x3  
  73  7:43  Probe  
  73  7:44  Probe  
  79  7:46  Stalker  
  79  7:55  Probe  
  79  7:56  Probe  
  81  8:07  Probe (Chrono Boost)  
  81  8:08  Probe (Chrono Boost)  
  81  8:10  Stalker x2  
  79  8:16  Stalker x2  
  79  8:19  Probe (Chrono Boost)  
  84  8:20  Forge  
  84  8:23  Probe (Chrono Boost)  
  84  8:24  Probe (Chrono Boost)  
  87  8:29  Probe (Chrono Boost)  
  87  8:31  Probe (Chrono Boost)  
  87  8:32  Probe (Chrono Boost)  
  87  8:33  Dark Shrine  
  89  8:35  Probe (Chrono Boost)  
  89  8:38  Probe  
  90  8:43  Probe  
  90  8:46  Probe  
  91  8:50  Probe, Sentry  
  94  8:55  Probe  
  94  8:58  Probe  
  94  8:59  Protoss Ground Weapons Level 1 (Chrono Boost)  
  94  9:00  Zealot x3  
  94  9:02  Probe  
  103  9:03  Gateway  
  103  9:08  Assimilator  
  103  9:09  Assimilator  
  103  9:12  Probe  
  103  9:14  Probe, Observer  
  103  9:16  Gateway  
  105  9:18  Gateway  
  105  9:22  Photon Cannon  
  105  9:23  Observer (Chrono Boost)  
  105  9:24  Observer  
  106  9:42  Nexus  
  106  9:43  Pylon  
  106  9:44  Pylon  
  106  9:45  Pylon  
  106  9:53  Probe  
  106  9:54  Probe  
  106  9:56  Dark Templar  
  106  9:59  Pylon  
  108  10:02  Gateway, Dark Templar x2  
  108  10:04  Gateway  
  112  10:09  Probe (Chrono Boost)  
  112  10:10  Photon Cannon  
  115  10:19  Stargate  
  116  10:22  Stalker  
  116  10:23  Pylon  
  116  10:24  Stalker  
  115  10:29  Stalker x2  
  116  10:37  Probe x2 (Chrono Boost)  
  116  10:38  Probe (Chrono Boost)  
  119  10:47  Probe x3 (Chrono Boost)  
  122  10:50  Templar Archives  
  122  10:51  Probe (Chrono Boost)  
  122  10:52  Probe (Chrono Boost)  
  122  10:57  Probe x2 (Chrono Boost), Robotics Bay  
  125  11:04  Probe x2 (Chrono Boost), Protoss Ground Weapons Level 2  
  129  11:12  Phoenix (Chrono Boost)  
  129  11:13  Probe (Chrono Boost)  
  129  11:14  Probe (Chrono Boost)  
  129  11:15  Observer  
  129  11:17  Zealot x2  
  137  11:23  Probe  
  136  11:36  Probe  
  136  11:37  Probe  
  136  11:38  Robotics Facility, High Templar x2  
  142  11:40  Pylon  
  142  11:41  Pylon  
  142  11:43  Nexus  
  142  11:45  Pylon  
  142  11:46  Archon  
  143  11:54  Probe, Disruptor (Chrono Boost)  
  143  11:55  Gateway  
  143  11:58  Probe  
  143  12:00  Probe  
  148  12:07  Probe  
  141  12:09  Probe  
  141  12:15  High Templar x2  
  144  12:16  Zealot x7  
  144  12:19  Pylon  
  144  12:20  Disruptor (Chrono Boost)  
  144  12:21  Photon Cannon, Assimilator  
  144  12:22  Archon, Assimilator  
  164  12:37  Disruptor (Chrono Boost)  
  164  12:40  Disruptor (Chrono Boost)  
  164  12:43  Photon Cannon  
  167  12:44  Probe  
  167  12:47  Pylon, Assimilator  
  167  12:50  Photon Cannon  
  168  12:51  Assimilator  
  168  12:52  Photon Cannon  
  168  12:53  Zealot x6  
  168  12:57  Zealot x2  
  178  13:05  Disruptor (Chrono Boost)  
  181  13:11  Zealot x2  
  173  13:15  Stalker x5  
  157  13:29  Disruptor (Chrono Boost)  
  146  13:39  Probe (Chrono Boost), Stalker x4  
  146  13:40  Stalker x2  
  162  13:42  Disruptor (Chrono Boost)  
  163  13:48  Probe (Chrono Boost)  
  163  13:50  Probe x3 (Chrono Boost)  
  163  13:51  Probe (Chrono Boost)  
  164  13:57  Probe (Chrono Boost)  
  167  14:03  Probe x2 (Chrono Boost)  
  167  14:04  Probe (Chrono Boost)  
  167  14:07  Dark Templar x2  
  171  14:12  Nexus  
  171  14:16  Probe  
  175  14:18  Disruptor (Chrono Boost)  
  175  14:26  Zealot x6  
  175  14:27  Zealot  
  177  14:38  Disruptor  
  177  14:40  Stalker x2  
  176  14:45  Stalker  
  176  14:47  Disruptor  
  176  14:49  Dark Templar  
  176  14:50  Zealot x2  
  175  14:56  Stalker  
  175  14:58  Probe x3  
  170  15:08  Probe, Pylon  
  171  15:14  Disruptor  
  172  15:23  Observer  
  172  15:26  Probe  
  172  15:27  Probe x2  
  176  15:30  Photon Cannon  
  176  15:32  Photon Cannon  
  162  15:44  Disruptor  
  162  15:45  Protoss Ground Weapons Level 3 (Chrono Boost)  
  162  15:47  Stalker x3, Zealot x3  
  162  15:48  Zealot x2, Dark Templar x2  
  177  15:50  Observer  
  177  15:51  Probe  
  179  15:59  Probe  
  179  16:00  Probe  
  179  16:02  Probe  
  181  16:04  Probe  
  181  16:12  Observer  
  181  16:14  Stalker x4, Zealot x3  
  186  16:38  Probe  
  181  16:40  Fleet Beacon  
  181  16:45  Stargate, Observer  
  181  16:50  Protoss Air Weapons Level 1 (Chrono Boost)  
  173  16:58  Disruptor  
  170  17:03  Zealot x10  
  188  17:15  Probe  
  188  17:22  Nexus  
  186  17:26  High Templar x3  
  186  17:27  High Templar x3  
  186  17:28  Zealot  
  200  17:33  Archon  
  200  17:34  Archon  
  200  17:35  Archon  
  199  17:39  Probe  
  199  17:41  Photon Cannon, Observer  
  196  17:45  Nexus  
  178  17:55  Carrier (Chrono Boost)  
  178  18:00  Stalker x4  
  178  18:01  Stalker x6  
  178  18:05  Carrier (Chrono Boost)  
  196  18:17  Photon Cannon  
  196  18:19  Photon Cannon  
  195  18:21  Photon Cannon  
  195  18:23  Pylon  
  195  18:27  Zealot x9  
  200  18:36  Observer  
  196  18:42  Dark Templar  
  198  18:52  Observer  
  188  18:56  Zealot x5  
  188  18:57  Zealot  
  194  19:06  Zealot x3  
  194  19:08  Carrier (Chrono Boost)  
  152  19:10  Observer x2  
  152  19:16  Zealot x4, Observer  
  152  19:17  Zealot x3  
  172  19:20  Carrier (Chrono Boost)  
  172  19:31  Nexus  
  171  19:39  Zealot x3  
  171  19:40  Zealot x7  
  191  19:47  Assimilator x2  
  191  19:51  Probe  
  179  20:00  Zealot x6  
  179  20:03  Carrier (Chrono Boost)  
  179  20:06  Zealot x4  
  189  20:16  Observer  
  190  20:24  Zealot x2  
  190  20:25  Zealot x4  
  178  20:29  Stalker x2  
  178  20:34  Dark Templar  
  178  20:35  Dark Templar  
  170  20:42  Probe  
  150  20:52  Observer  
  150  20:55  High Templar x2  
  150  20:56  High Templar x2  
  159  21:00  Nexus  
  159  21:03  Archon  
  159  21:04  Archon  
  153  21:08  Protoss Air Weapons Level 2 (Chrono Boost)  
  153  21:09  Carrier  
  156  21:12  Probe  
  156  21:13  Probe x3  
  160  21:24  Probe  
  160  21:25  Probe x3  
  154  21:28  Stalker, Zealot x4  
  160  21:36  Dark Templar  
  160  21:37  Probe x2  
  162  21:42  Dark Templar  
  160  21:47  Zealot x3  
  160  21:52  Carrier  
  166  21:56  Probe  
  161  22:01  Observer  
  161  22:05  Probe  
  162  22:13  Stalker x4, Zealot x3  
  174  22:26  Disruptor (Chrono Boost)  
  174  22:27  Stalker, Zealot  
  174  22:28  Zealot  
  177  22:33  Probe x2  
  177  22:34  Probe x2  
  172  22:46  Zealot  
  172  22:47  Zealot x2, Dark Templar x4  
  183  22:53  Archon  
  183  22:57  Zealot x3, Observer (Chrono Boost)  
  183  22:58  Archon  
  178  23:09  Zealot x3  
  144  23:18  Zealot x3  
Show
View Real Time Build Order
Export as new Build Order

YoutubeTY Terran - Winner!

Build Orders: Reaper Expand, Mech 

Get SALT Encoding   

  12  0:01  SCV  
  13  0:13  SCV  
  14  0:17  Supply Depot  
  14  0:25  SCV  
  15  0:39  SCV  
  15  0:40  Barracks  
  16  0:43  Refinery  
  16  0:51  SCV  
  17  1:03  SCV  
  18  1:15  SCV  
  19  1:27  Reaper  
  19  1:29  Orbital Command  
  20  1:41  Command Center  
  20  1:52  Supply Depot  
  20  1:55  SCV  
  20  1:59  Marine  
  22  2:05  Factory  
  23  2:08  SCV  
  23  2:17  Bunker  
  23  2:20  SCV  
  24  2:22  Barracks Reactor  
  24  2:26  Refinery  
  24  2:32  SCV  
  25  2:44  SCV  
  25  2:49  Hellion  
  28  2:54  Orbital Command  
  28  2:56  Armory  
  29  3:01  Marine x2  
  29  3:04  SCV  
  31  3:12  Factory Tech Lab  
  31  3:16  SCV  
  32  3:21  Starport, Marine  
  32  3:22  Marine  
  32  3:23  SCV  
  35  3:30  Widow Mine  
  35  3:34  SCV  
  38  3:35  Supply Depot  
  38  3:36  SCV  
  39  3:42  Drilling Claws  
  39  3:46  SCV  
  39  3:47  Marine x2  
  42  3:48  SCV  
  43  3:57  Medivac  
  43  3:58  SCV  
  43  4:01  Widow Mine  
  43  4:02  SCV  
  49  4:08  Supply Depot  
  48  4:10  SCV, Marine x2  
  48  4:14  SCV  
  52  4:22  SCV, Supply Depot  
  53  4:26  SCV  
  53  4:29  Supply Depot  
  53  4:30  Siege Tank  
  57  4:34  SCV  
  57  4:36  Supply Depot  
  57  4:38  SCV  
  59  4:40  Marine x2  
  61  4:48  Viking  
  61  4:52  SCV x2  
  65  4:58  Marine x2  
  65  5:02  Siege Tank  
  65  5:04  Bunker  
  65  5:05  SCV  
  70  5:14  Command Center  
  70  5:16  Marine x2  
  70  5:19  Viking  
  70  5:20  Refinery  
  70  5:21  Refinery  
  73  5:25  SCV x2  
  73  5:33  Marine  
  73  5:34  Marine  
  73  5:37  SCV  
  73  5:38  Siege Tank  
  73  5:40  SCV  
  75  5:49  SCV  
  75  5:51  Marine x2  
  75  5:52  SCV  
  75  5:53  Viking  
  75  5:56  Orbital Command  
  80  6:02  SCV  
  80  6:14  SCV  
  80  6:15  Marine x2  
  80  6:17  Siege Tank  
  78  6:23  SCV  
  79  6:26  SCV  
  79  6:27  Orbital Command  
  79  6:30  Viking  
  82  6:35  SCV  
  82  6:37  Marine x2  
  82  6:38  SCV  
  83  6:47  SCV  
  83  6:50  SCV, Engineering Bay, Siege Tank  
  88  6:55  Factory  
  88  6:59  Factory  
  88  7:00  SCV x2  
  90  7:04  Viking  
  87  7:08  SCV  
  87  7:14  SCV  
  82  7:21  Bunker  
  82  7:22  Siege Tank  
  85  7:25  SCV x2  
  87  7:31  Barracks Tech Lab  
  87  7:35  SCV  
  81  7:37  SCV x2  
  79  7:45  Factory Tech Lab  
  79  7:47  SCV  
  79  7:49  SCV x2  
  82  7:52  Hellion, Command Center  
  82  7:53  Hellion  
  82  7:54  Siege Tank  
  89  7:59  SCV  
  89  8:01  SCV  
  89  8:02  SCV  
  91  8:07  Siege Tank  
  91  8:09  Supply Depot x2  
  92  8:18  Hellion  
  92  8:19  Supply Depot  
  93  8:20  Supply Depot x3  
  93  8:25  Engineering Bay  
  93  8:30  Raven  
  93  8:31  Terran Vehicle Weapons Level 1, Hellion, Siege Tank  
  100  8:37  SCV  
  100  8:38  SCV  
  103  8:42  Orbital Command  
  100  8:48  Siege Tank  
  100  8:50  SCV x2, Hellion  
  107  9:00  Engineering Bay  
  111  9:03  Hellion, Infernal Pre-Igniter  
  111  9:04  Orbital Command  
  111  9:07  Refinery x2  
  109  9:10  Siege Tank  
  109  9:14  SCV, Hellion  
  109  9:15  Factory  
  115  9:18  SCV  
  115  9:20  Missile Turret  
  115  9:22  SCV  
  115  9:24  Missile Turret  
  117  9:28  Hellion  
  117  9:30  SCV x2, Factory  
  121  9:32  SCV  
  121  9:34  SCV  
  123  9:41  Missile Turret x2, Siege Tank  
  123  9:43  Hellion  
  128  9:46  Barracks Reactor  
  128  9:49  SCV x2  
  128  9:51  Supply Depot  
  126  9:59  SCV x2  
  128  10:01  SCV x2  
  128  10:03  Hellion, Sensor Tower  
  128  10:04  Missile Turret, Siege Tank  
  128  10:05  Supply Depot  
  141  10:14  Hellion  
  141  10:18  Armory, Siege Tank x2  
  145  10:32  Hellion x2  
  145  10:33  Hellion  
  145  10:36  Siege Tank  
  145  10:41  Supply Depot, Hellion  
  145  10:42  Hellion, Supply Depot  
  148  10:43  Supply Depot  
  148  10:44  Supply Depot  
  148  10:45  Starport Reactor  
  148  10:47  Terran Vehicle Weapons Level 2  
  148  10:50  Siege Tank  
  148  10:53  Hellion x2  
  148  10:54  Missile Turret  
  155  11:01  Hellion  
  155  11:03  Hellion  
  162  11:15  Hellion, Orbital Command  
  162  11:18  SCV x2  
  166  11:19  SCV  
  166  11:23  Terran Vehicle And Ship Armor Level 1  
  165  11:28  Mag-Field Accelerator  
  165  11:29  Cyclone x3  
  165  11:30  Hellion  
  165  11:31  Hellion, Missile Turret  
  175  11:33  Hellion  
  175  11:38  Sensor Tower  
  177  11:44  Liberator x2  
  183  11:48  Missile Turret  
  183  11:50  Supply Depot  
  183  11:55  Hellion x2  
  183  11:58  Hellion x8  
  187  12:02  Refinery, Missile Turret  
  187  12:03  Cyclone x2  
  190  12:19  Command Center  
  190  12:20  Cyclone  
  190  12:21  Factory x2  
  193  12:24  Widow Mine x3  
  199  12:40  Command Center  
  199  12:42  Command Center  
  199  12:46  Refinery  
  197  12:52  Cyclone  
  197  12:57  Cyclone x2  
  194  13:12  Factory Tech Lab  
  194  13:13  Factory Tech Lab  
  194  13:14  Hellion x2  
  198  13:24  Hellion x2  
  195  13:27  Hellion  
  195  13:28  Terran Vehicle Weapons Level 3, Terran Vehicle And Ship Armor Level 2  
  195  13:30  Hellion, Cyclone  
  185  13:37  Hellion x2  
  185  13:39  Liberator x2  
  192  13:46  Widow Mine x3  
  197  13:57  Widow Mine  
  197  14:00  Cyclone  
  197  14:02  Missile Turret, Sensor Tower  
  199  14:05  Factory  
  199  14:08  Missile Turret  
  199  14:12  Orbital Command  
  199  14:17  Planetary Fortress  
  199  14:25  Missile Turret  
  199  14:30  Missile Turret  
  197  14:37  Command Center  
  191  14:41  Cyclone  
  191  14:42  Cyclone x2  
  200  14:52  Widow Mine x2  
  193  14:53  Factory Reactor  
  193  14:55  Cyclone, Widow Mine x2  
  198  15:03  Widow Mine  
  198  15:07  Command Center  
  197  15:10  Refinery  
  197  15:11  Refinery  
  197  15:13  Widow Mine  
  199  15:20  Orbital Command  
  199  15:26  Cyclone  
  194  15:29  Cyclone, Missile Turret x2  
  194  15:30  Cyclone, Missile Turret  
  194  15:33  Missile Turret  
  180  15:39  Cyclone x2  
  180  15:40  Widow Mine x3  
  170  15:44  Terran Ship Weapons Level 1  
  170  15:45  Widow Mine  
  170  15:46  Widow Mine  
  174  15:52  Orbital Command  
  174  15:55  SCV x5  
  179  15:58  Cyclone, Widow Mine  
  179  16:02  Cyclone x2, Widow Mine  
  179  16:03  Widow Mine  
  194  16:04  Widow Mine  
  194  16:07  SCV, Widow Mine  
  199  16:15  Widow Mine x2  
  200  16:26  Missile Turret  
  198  16:34  Cyclone  
  198  16:38  Cyclone x2  
  198  16:40  Widow Mine  
  200  16:52  Cyclone x2  
  200  16:53  Widow Mine x3  
  187  17:06  Siege Tank  
  190  17:09  Command Center  
  190  17:10  Siege Tank x2  
  190  17:11  Widow Mine x2  
  190  17:12  Command Center  
  190  17:14  Command Center  
  200  17:22  Missile Turret  
  200  17:27  Missile Turret  
  200  17:29  Orbital Command  
  197  17:47  Widow Mine x3  
  197  17:51  Siege Tank  
  192  17:54  Widow Mine x2  
  185  18:06  Siege Tank x4  
  185  18:07  Widow Mine  
  185  18:08  Widow Mine  
  196  18:23  Siege Tank  
  196  18:26  Planetary Fortress  
  194  18:30  Widow Mine x2  
  192  18:40  Siege Tank x2  
  192  18:41  Siege Tank x2  
  191  19:02  Siege Tank  
  186  19:03  Widow Mine x2  
  186  19:04  Widow Mine x3  
  186  19:06  Widow Mine  
  180  19:11  Liberator x2  
  180  19:12  Siege Tank  
  180  19:13  Widow Mine x2, Siege Tank  
  180  19:14  Orbital Command  
  180  19:15  Orbital Command  
  196  19:25  Terran Vehicle And Ship Armor Level 3, Widow Mine x2  
  196  19:27  Terran Ship Weapons Level 2  
  197  19:34  Siege Tank x3  
  196  19:57  Widow Mine x2  
  192  20:09  Widow Mine  
  192  20:10  Widow Mine x3  
  198  20:16  Widow Mine  
  198  20:17  Widow Mine  
  200  20:24  Widow Mine x4  
  176  20:45  Thor x3  
  176  20:46  Thor x2  
  176  20:49  Hellion x2  
  188  20:50  Hellion  
  188  20:52  Hellion x2  
  183  21:02  Command Center  
  179  21:10  Hellion  
  179  21:11  Hellion x2  
  177  21:13  Hellion x2  
  175  21:28  Thor x4  
  175  21:29  Siege Tank  
  186  21:47  Hellion x3  
  186  21:48  Hellion x3  
  188  22:00  Thor  
  179  22:09  Hellion x2  
  179  22:11  Widow Mine, Thor x2  
  179  22:12  Widow Mine  
  183  22:45  Hellion  
  183  22:50  Widow Mine x2  
Tags
 
Add a new tag
Caveats
  • Supply blocks, unpowered buildings, or Contaminate may cause inaccurate times.
  • Supply counts are checked every 10 seconds.